 Dungeon Crawl Stone Soup version 0.18-a0-1637-g109f206 (webtiles) character file.

78603 Geeful the Unseen (level 15, -8/69 HPs)
             Began as a Spriggan Enchanter on Mar 26, 2016.
             Was the Champion of Dithmenos.
             Hit by a large rock thrown by a stone giant (14 damage)
             ... on level 2 of the Orcish Mines.
             The game lasted 01:44:49 (24410 turns).

Geeful the Unseen (Spriggan Enchanter)             Turns: 24410, Time: 01:44:49

Health: -8/69      AC:  9    Str:  6    XL:     15   Next: 18%
Magic:  27/33      EV: 30    Int: 23    God:    Dithmenos [******]
Gold:   2309       SH:  2    Dex: 17    Spells: 9 memorised, 8 levels left

rFire  . . .     SeeInvis +     a - +8 dagger of Eternal Vigilance {venom, Str+2 Int+2}
rCold  + . .     Gourm    .     y - +2 robe {rF+}
rNeg   . . .     Faith    .     (shield restricted)
rPois  +         Spirit   .     q - +2 hat
rElec  .         Dismiss  .     x - +2 cloak {rPois}
rCorr  .         Reflect  +     (gloves unavailable)
SustAt .         Harm     .     (boots unavailable)
MR     ++...                    j - +2 amulet of reflection
Stlth  ++++++++++               D - ring of ice
                                h - ring of wizardry

@: very slightly contaminated, wreathed by umbra, drained, invisible, very
quick, very resistant to hostile enchantments, uncannily stealthy
A: unfitting armour, antennae 1, see invisible, dopey 1, herbivore 3, speed 3,
robust 1, slow metabolism 2
a: Shadow Step, Shadow Form, Renounce Religion


You were on level 2 of the Orcish Mines.
You worshipped Dithmenos.
Dithmenos was exalted by your worship.
You were hungry.

You visited 4 branches of the dungeon, and saw 23 of its levels.
You also visited: Ice Cave and Volcano.

You collected 2494 gold pieces.
You spent 185 gold pieces at shops.

Inventory:

Hand Weapons
 a - the +8 dagger of Eternal Vigilance (weapon) {venom, Str+2 Int+2}
   (You found it on level 7 of the Dungeon)

   It poisons the flesh of those it strikes.
   It affects your strength (+2).
   It affects your intelligence (+2).
 b - a +0 blowgun
 U - a +0 quick blade of freezing
Missiles
 l - 45 poisoned needles
 n - a throwing net (quivered)
Armour
 q - a +2 hat (worn)
 x - a +2 cloak of poison resistance (worn)
 y - a +2 robe of fire resistance (worn)
 K - a +0 buckler
Jewellery
 f - an uncursed ring of sustain attributes
 h - a ring of wizardry (left hand)
 j - a +2 amulet of reflection (around neck)
 D - a ring of ice (right hand)
 W - an uncursed ring of ice
Wands
 v - a wand of iceblast (11/15)
 B - a wand of confusion (32/48)
 G - a wand of teleportation (5/9)
 I - a wand of digging (11/24)
 J - a wand of disintegration (4/24)
 L - a wand of acid (1/15)
 P - a wand of hasting (4/9)
 S - a wand of teleportation (3/9)
Scrolls
 e - 11 scrolls of remove curse
 g - 7 scrolls of teleportation
 o - 3 scrolls of magic mapping
 s - 3 scrolls of enchant armour
 w - a scroll of enchant weapon
 H - a scroll of recharging
 M - 3 scrolls of summoning
 Q - 2 scrolls of fear
 V - a scroll of silence
 X - a scroll of fog
Potions
 i - 2 potions of cancellation
 m - 4 potions of curing
 p - a potion of invisibility
 t - 2 potions of berserk rage
 u - 5 potions of might
 E - 2 potions of haste
 F - 3 potions of brilliance
 O - 3 potions of resistance
 R - 3 potions of agility
 T - a potion of flight {unknown}
 Z - a potion of heal wounds
Miscellaneous
 r - a legendary deck of wonders
 C - an ornate deck of wonders {Dowsing}
 Y - a phantom mirror
Comestibles
 d - 12 bread rations
 z - 28 fruits


   Skills:
 - Level 12.3(11.5) Short Blades
 - Level 15.4(14.5) Dodging
 - Level 16.7(15.9) Stealth
 + Level 7.5(6.8) Shields
 - Level 13.8(13.0) Spellcasting
 - Level 13.7(12.8) Hexes


You had 8 spell levels left.
You knew the following spells:

 Your Spells              Type           Power        Failure   Level  Hunger
a - Corona                Hex            ######.      1%          1    None
b - Ensorcelled Hibernat  Hex/Ice        ######       1%          2    None
c - Confuse               Hex            ######..     1%          3    None
d - Tukima's Dance        Hex            ######..     1%          3    None
e - Dazzling Spray        Conj/Hex       #####...     1%          3    None
f - Darkness              Hex            ######....   1%          6    #####..
g - Invisibility          Hex            ######..     1%          6    #####..
h - Passage of Golubria   Tloc           N/A          21%         4    None
i - Yara's Violent Unrav  Hex/Trmt       #####.....   4%          5    ###....


Dungeon Overview and Level Annotations

Branches:
Dungeon (12/15)            Temple (1/1) D:6            Lair (8/8) D:8
  Swamp (0/4) Lair:3       Spider (0/4) Lair:5        Slime (0/6) Lair:8
    Orc (2/2) D:10            Elf (0/3) Orc:2

Altars:
Ashenzari
Cheibriados
Dithmenos
Elyvilon
Fedhas
Gozag
Kikubaaqudgha
Makhleb
Nemelex Xobeh
Okawaru
Pakellas
Qazlal
Ru
Sif Muna
Trog
Vehumet
Xom
Yredelemnul
Zin
The Shining One
Jiyva

Shops:
D:4 %   D:9 [


Innate Abilities, Weirdness & Mutations

You are tiny and cannot use many weapons and most armour.
You have supernaturally acute eyesight.
You are a herbivore.
You cover ground extremely quickly.
You need consume almost no food.
You have a pair of small antennae on your head.
You are dopey. (Int -2)
You are robust (+10% HP).


Message History

You start resting.
Magic restored.
The orc sorcerer shouts!
The orc sorcerer points at you and mumbles some strange words.
The bolt of negative energy hits you!
You feel drained.
You emit a cloud of dark smoke.
A stone giant comes into view.
The stone giant shouts!
The stone giant throws a large rock.
The large rock hits you!!
* * * LOW HITPOINT WARNING * * *
You see here a large rock.
Casting: Ensorcelled Hibernation
Confirm with . or Enter, or press ? or * to list all spells.
Aiming: Invisibility
Press: ? - help, Shift-Dir - straight line, f - you You fade into invisibility!
You are very lightly contaminated with residual magic.
You are feeling hungry.
The stone giant throws a large rock.
The large rock hits you!
You die...

......................###
##.#....................##
##......................#
##.....................#
###.....C.............##
##......)....##........#
##........).)..###..#...#
#.......)))))....##....##
##.##...).))..@...##...#
###.)..)#####.....##.##
##...)(.#*###....###
##.#####,,*##.§§#
###*,{,,,,##§§§#
**∩,,,,,,,#§§§##
**,,,,÷....)§§§#
*∩,,,,.§...)§.##
*∩,,,,.oo....##


You could see a stone giant.

Vanquished Creatures
  Maud (Lair:4)
  A frost giant (IceCv)
  Snorg (Lair:4)
  An ettin (Orc:2)
  9 hydras
  An ice dragon (Lair:8)
  A catoblepas (Lair:6)
  The ghost of slender the Transmogrifier, a novice TrTm of Cheibriados (Lair:1)
  An orc high priest (Orc:2)
  4 death yaks
  A queen ant (Lair:4)
  Nergalle (Lair:1)
  A lindwurm (Lair:8)
  2 hill giants (D:11)
  2 orc knights (Orc:2)
  2 orc sorcerers (Orc:2)
  A griffon (Lair:8)
  A cyclops (D:11)
  3 black mambas
  An ice statue (IceCv)
  A centaur zombie (D:11)
  5 elephants (Lair:3)
  Joseph (Lair:1)
  5 torpor snails (Lair:8)
  2 gargoyles
  13 spiny frogs
  6 rime drakes
  8 komodo dragons
  16 polar bears
  6 giant leeches (Lair:8)
  A troll (D:9)
  A two-headed ogre (Orc:2)
  A slime creature (Lair:5)
  14 blink frogs
  A boulder beetle (Lair:8)
  2 redbacks (Lair:5)
  38 yaks
  4 wyverns
  A basilisk (Lair:5)
  15 hippogriffs
  A fire elemental (Volcano)
  Grum (D:10)
  A hungry ghost (D:7)
  A mottled dragon (D:11)
  23 water moccasins
  13 soldier ants (Lair:4)
  3 wargs
  A hell hound (Lair:5)
  13 porcupines
  4 wasps
  11 ice beasts
  17 orc warriors
  3 sky beasts
  A phantom (D:6)
  A black bear (D:11)
  9 ogres
  17 wolves
  12 centaurs
  17 crocodiles
  The ghost of Geeful the Insei, an amateur OpTm (D:3)
  16 giant frogs
  3 killer bees (D:11)
  A howler monkey (D:10)
  An electric eel (Lair:4)
  3 crimson imps
  9 orc priests
  8 hounds
  9 jellies
  A gnoll shaman (D:10)
  18 orc wizards
  11 iguanas
  42 worker ants
  20 sheep
  A howler monkey zombie (D:7)
  A howler monkey skeleton (D:10)
  A worker ant zombie (D:5)
  11 adders
  4 gnolls (D:10)
  20 river rats
  A shadow imp (D:8)
  12 oozes
  2 adder zombies
  An adder skeleton (D:4)
  20 worms
  5 giant geckos
  70 orcs
  4 bats
  5 giant cockroaches
  11 goblins
  3 hobgoblins
  12 jackals
  4 kobolds
  4 quokkas
  2 ball pythons
  A giant cockroach zombie (D:5)
  A giant gecko zombie (D:8)
  8 giant newts
  A quokka zombie (D:5)
  10 rats
684 creatures vanquished.

Vanquished Creatures (collateral kills)
  A giant gecko (D:10)
  A jackal (D:10)
2 creatures vanquished.

Vanquished Creatures (others)
  A centaur (D:8)
  An orc wizard (Orc:2)
  An adder (D:6)
  9 fungi
  10 plants (Lair:8)
  13 toadstools (Lair:4)
35 creatures vanquished.

Grand Total: 721 creatures vanquished

Notes
Turn   | Place    | Note
--------------------------------------------------------------
     0 | D:1      | Geeful the Spriggan Enchanter began the quest for the Orb.
     0 | D:1      | Reached XP level 1. HP: 9/9 MP: 5/5
   306 | D:1      | Reached XP level 2. HP: 13/13 MP: 6/6
   879 | D:2      | Found an ancient bone altar of Kikubaaqudgha.
   890 | D:2      | Learned a level 2 spell: Ensorcelled Hibernation
  1046 | D:2      | Reached XP level 3. HP: 16/16 MP: 8/8
  1764 | D:3      | Noticed Geeful's ghost (amateur OpTm)
  1883 | D:3      | Reached XP level 4. HP: 21/21 MP: 10/10
  1902 | D:3      | Learned a level 3 spell: Confuse
  2129 | D:3      | Killed Geeful's ghost
  2129 | D:3      | Reached skill level 5 in Stealth
  2129 | D:3      | Reached XP level 5. HP: 24/24 MP: 1/11
  2232 | D:3      | Found a faded altar to an unknown god.
  2248 | D:3      | Found a blossoming altar of Fedhas.
  2997 | D:4      | Reached skill level 5 in Dodging
  3103 | D:4      | Reached XP level 6. HP: 28/28 MP: 8/13
  3243 | D:4      | Got a distressingly furry buckler
  3247 | D:4      | Identified the +0 buckler of Pantheism {rC++ MP+9 Int-2 Dex-4} (You found it on level 4 of the Dungeon)
  3276 | D:4      | Found Pewuet Usiu's Food Boutique.
  3732 | D:4      | Reached skill level 5 in Hexes
  3845 | D:5      | Entered Level 5 of the Dungeon
  3875 | D:5      | Reached skill level 6 in Stealth
  4132 | D:5      | Found a sacrificial altar of Ru.
  4759 | D:5      | Reached XP level 7. HP: 17/32 MP: 2/15
  4990 | D:5      | Reached skill level 5 in Spellcasting
  5632 | D:6      | Found a staircase to the Ecumenical Temple.
  5641 | Temple   | Entered the Ecumenical Temple
  5873 | D:6      | Reached skill level 7 in Stealth
  6515 | D:7      | Reached XP level 8. HP: 36/36 MP: 17/17
  6563 | D:7      | Learned a level 3 spell: Tukima's Dance
  6567 | D:7      | Learned a level 3 spell: Dazzling Spray
  6643 | D:7      | Got a steaming dagger
  6647 | D:7      | Identified the +8 dagger of Eternal Vigilance {venom, Str+2 Int+2} (You found it on level 7 of the Dungeon)
  6762 | D:7      | Found a white marble altar of Elyvilon.
  6826 | D:7      | Found a basalt altar of Yredelemnul.
  6924 | D:7      | Reached skill level 8 in Stealth
  7010 | D:7      | Reached skill level 5 in Short Blades
  7332 | D:7      | Gained mutation: You are robust (+10% HP). [potion of mutation]
  7332 | D:7      | Gained mutation: You have a pair of small antennae on your head. [potion of mutation]
  7332 | D:7      | Gained mutation: You are dopey. (Int -2) [potion of mutation]
  7354 | D:8      | Found a sparkling altar of Nemelex Xobeh.
  7408 | D:8      | Found a stormy altar of Qazlal.
  7564 | D:8      | Reached XP level 9. HP: 40/42 MP: 5/20
  7668 | D:8      | Reached skill level 9 in Stealth
  8032 | D:8      | Found a radiant altar of Vehumet.
  8164 | D:8      | Found a staircase to the Lair.
  8545 | D:9      | Found a shadowy altar of Dithmenos.
  8563 | D:9      | Became a worshipper of Dithmenos the Shadowed
  8669 | D:9      | Found Imumub's Armour Emporium.
  8675 | D:9      | Bought a +2 cloak of poison resistance for 185 gold pieces
  8736 | D:9      | Noticed a troll
  8741 | D:9      | Killed a troll
  8855 | D:9      | Reached skill level 10 in Stealth
  9131 | D:9      | Found a glowing silver altar of Zin.
  9131 | D:9      | Found a shattered altar of Ashenzari.
  9241 | D:10     | Entered Level 10 of the Dungeon
  9434 | D:10     | Found a staircase to the Orcish Mines.
  9691 | D:10     | Noticed Grum
  9694 | D:10     | Killed Grum
  9772 | D:10     | Reached * piety under Dithmenos
  9775 | D:10     | Reached XP level 10. HP: 45/48 MP: 12/23
  9970 | D:11     | Noticed a gargoyle
 10002 | D:11     | Reached skill level 10 in Dodging
 10002 | D:11     | Reached skill level 11 in Stealth
 10076 | D:11     | Killed a gargoyle
 10112 | D:11     | Noticed a hill giant
 10122 | D:11     | Killed a hill giant
 10144 | D:11     | Noticed a cyclops
 10157 | D:11     | Killed a cyclops
 10203 | D:11     | Noticed a hill giant
 10206 | D:11     | Killed a hill giant
 10574 | D:12     | Noticed a manticore
 10651 | Lair:1   | Entered Level 1 of the Lair of Beasts
 10651 | Lair:1   | Noticed slender's ghost (novice TrTm)
 10870 | Lair:1   | Reached skill level 12 in Stealth
 11005 | Lair:1   | Killed slender's ghost
 11005 | Lair:1   | Reached XP level 11. HP: 29/51 MP: 17/25
 11160 | Lair:1   | Found a dark tunnel.
 11178 | Lair:1   | Identified a scroll of acquirement
 11179 | Lair:1   | Noticed Joseph
 11181 | Volcano  | Entered a volcano
 11328 | Lair:1   | Killed Joseph
 11328 | Lair:1   | Reached skill level 10 in Spellcasting
 11328 | Lair:1   | Reached skill level 10 in Hexes
 11381 | Lair:1   | Noticed Nergalle
 11427 | Lair:1   | Killed Nergalle
 11441 | Lair:1   | Reached ** piety under Dithmenos
 12302 | Lair:2   | Reached skill level 13 in Stealth
 12364 | Lair:2   | You fall through a shaft for 2 floors!
 12364 | Lair:4   | Noticed a queen ant
 12373 | Lair:4   | Noticed Maud
 12381 | Lair:4   | Killed Maud
 12577 | Lair:3   | Found a staircase to the Swamp.
 12766 | Lair:3   | Noticed a seven-headed hydra
 12775 | Lair:3   | Killed a seven-headed hydra
 12795 | Lair:3   | Reached skill level 10 in Short Blades
 12795 | Lair:3   | Reached skill level 14 in Stealth
 12795 | Lair:3   | Reached XP level 12. HP: 56/56 MP: 26/28
 12832 | Lair:3   | Noticed a six-headed hydra
 12839 | Lair:3   | Killed a six-headed hydra
 12839 | Lair:3   | Reached XP level 13. HP: 60/60 MP: 29/29
 12940 | Lair:3   | Reached *** piety under Dithmenos
 13653 | Lair:2   | Reached skill level 15 in Stealth
 13975 | Lair:2   | Got a translucent quick blade
 13981 | Lair:2   | Identified the +1 quick blade of Cid Qixafa {vamp, Stlth+} (You acquired it on level 2 of the Lair of Beasts)
 14254 | Lair:2   | Found an ancient bone altar of Kikubaaqudgha.
 14719 | Lair:4   | Noticed Snorg
 14726 | Lair:4   | Killed Snorg
 14865 | Lair:4   | Reached **** piety under Dithmenos
 15626 | Lair:4   | Noticed a dire elephant
 16096 | Lair:5   | Found a frozen archway.
 16177 | Lair:5   | Reached ***** piety under Dithmenos
 16184 | IceCv    | Entered an ice cave
 16745 | IceCv    | Reached XP level 14. HP: 64/64 MP: 20/32
 16768 | IceCv    | Reached skill level 16 in Stealth
 17453 | IceCv    | Identified the Almanac of Transmigration (You found it in an ice cave)
 17474 | IceCv    | Noticed a frost giant
 17504 | IceCv    | Reached skill level 15 in Dodging
 17696 | IceCv    | Killed a frost giant
 18893 | Lair:5   | Found a hole to the Spider Nest.
 20149 | Lair:7   | Reached skill level 1 in Shields
 20309 | Lair:7   | Got a colourful robe
 20323 | Lair:7   | Identified the +0 robe of Happiness {-Cast rF+ MP+9 Int+4} (You found it on level 7 of the Lair of Beasts)
 21050 | Lair:8   | Entered Level 8 of the Lair of Beasts
 21415 | Lair:8   | Reached ****** piety under Dithmenos
 21439 | Lair:8   | Learned a level 6 spell: Darkness
 21446 | Lair:8   | Learned a level 6 spell: Invisibility
 21451 | Lair:8   | Learned a level 4 spell: Passage of Golubria
 21459 | Lair:8   | Learned a level 5 spell: Yara's Violent Unravelling
 21666 | Lair:8   | Reached skill level 5 in Shields
 21940 | Lair:8   | Found a staircase to the Slime Pits.
 21941 | Lair:8   | Found a viscous altar of Jiyva.
 22470 | Lair:8   | Found a runed door.
 22619 | Lair:8   | Reached XP level 15. HP: 64/69 MP: 19/33
 23074 | Orc:1    | Entered Level 1 of the Orcish Mines
 23189 | Orc:2    | Entered Level 2 of the Orcish Mines
 23345 | Orc:2    | Found a staircase to the Elven Halls.
 24410 | Orc:2    | Hit by a large rock thrown by a stone giant

Vault maps used:
D:1:      ncdulo_wetmaze
D:2:      kiku_gazebo_pond_becter, grunt_decor_fettered
D:3:      first_bread, ecumenical_altar_1, fedhas_altar_3
D:4:      serial_shops, shop
D:5:      lemuel_round_altar
D:6:      lemuel_temple_firewalk_marked
D:7:      kennysheep_ying_yang
D:8:      lemuel_coloured_pillars_altar, lemuel_crystal_altar, lair_0_dummy,
          basic_altar, grunt_ogre_cave, centaur_isle
D:9:      nicolae_dithmenos_shadow_blocks, gammafunk_temple_overflow_statue,
          serial_shops, shop
D:10:     orc_0_dummy, serial_gnoll_camp, gnoll_camp_mini_basic,
          gnoll_camp_mini_hut, gnoll_camp_mini_hut, grums_kennel
Temple:   triangle_lava_temple_11
Lair:1:   nicolae_volcano_entry_lava_flow, beast_lair_carwin_8,
          grunt_megastairs_4, uniq_nergalle, uniq_joseph
Lair:2:   lemuel_centaur_altar
Lair:3:   swamp_mist, st_stairs_9, grunt_forest_large_clearings,
          bh_autumn_forest_stairs, serial_bayou_shore_b
Lair:4:   gammafunk_lair_enchanted_lake, zaba_anthell, serial_bayou_shore_a,
          lemuel_fruit_fields, lemuel_fruit_fields, serial_bayou_shore_b,
          uniq_maud, uniq_snorg
Lair:5:   lemuel_slime, spider_nest_entry_webs, special_room,
          portal_ice_cave_entry_ice_beasts, grunt_forest_small_clearings
Lair:8:   wormcave, slime_altar_1
Orc:2:    grunt_orc_tribal_feast
IceCv:    ice_cave_caverns_01
Volcano:  volcano_overflow

Skill      XL: |  1  2  3  4  5  6  7  8  9 10 11 12 13 14 15 |
---------------+----------------------------------------------+-----
Spellcasting   | 3 4 5 7 8 9 11 13 | 13.8
Dodging        | 4 5 6 8 9 11 13 14 15 | 15.4
Hexes          | 4 5 6 7 8 9 11 13 | 13.7
Short Blades   | 2 3 4 5 7 8 10 11 12 | 12.3
Stealth        | 5 6 7 8 10 12 14 15 16 | 16.7
Shields        | 6 7 |  7.5

Action                   |  1- 3 |  4- 6 |  7- 9 | 10-12 | 13-15 || total
-------------------------+-------+-------+-------+-------+-------++-------
Melee: Dagger            |    68 |       |   150 |   192 |  1195 ||  1605
       Short sword       |    40 |   148 |   110 |       |       ||   298
 Cast: Corona            |    10 |       |       |       |       ||    10
       Ensorcelled Hiber |    13 |    27 |    25 |     9 |   121 ||   195
       Confuse           |       |    11 |    17 |    23 |    66 ||   117
       Tukima's Dance    |       |       |     6 |       |       ||     6
       Dazzling Spray    |       |       |       |       |    16 ||    16
       Invisibility      |       |       |       |       |     2 ||     2
       Darkness          |       |       |       |       |     1 ||     1
Invok: Shadow Step       |       |       |       |       |     3 ||     3
Evoke: Wand              |       |       |       |       |     6 ||     6
  Use: Scroll            |     3 |     7 |    11 |     9 |    15 ||    45
       Potion            |       |     1 |     6 |     1 |     2 ||    10
 Stab: Sleeping          |    25 |    23 |    39 |    51 |   171 ||   309
       Confused          |       |     4 |     5 |    12 |    41 ||    62
       Distracted        |       |     1 |     4 |       |    17 ||    22
       Invisible         |       |       |       |       |     6 ||     6
  Eat: Bread ration      |       |     1 |       |       |       ||     1
       Pizza             |       |       |     1 |     1 |     2 ||     4
       Fruit             |       |       |     1 |       |    13 ||    14
       Royal jelly       |       |       |       |       |     1 ||     1
